Map: Newkirk Precinct TE (Void)

Players

FoolOfaTook

  • Race: Zerg Zerg
  • Spawn Location: 5:00

Raze - Winner!

  • Race: Terran Terran
  • Spawn Location: 7:00

Event: WCS Austin 2017

VOD

Have the link to the VOD?

Description

Time

  • Played on: April 28, 2017, 2:30 p.m.
  • Length: 5:28

All games in this series

Show
View Real Time Build Order
Export as new Build Order

FoolOfaTook Zerg 

Build Orders: Hatch First 

Get SALT Encoding   

  12  0:01  Drone  
  13  0:13  Overlord  
  13  0:18  Drone  
  14  0:32  Drone x2  
  16  0:36  Drone  
  17  0:46  Drone  
  18  0:57  Hatchery  
  18  1:01  Drone  
  18  1:05  Extractor  
  17  1:15  Spawning Pool  
  17  1:17  Drone  
  17  1:21  Drone  
  18  1:30  Drone  
  19  1:41  Overlord  
  19  1:51  Drone  
  20  2:02  Drone, Queen  
  20  2:06  Metabolic Boost  
  23  2:08  Queen  
  23  2:09  Zergling x2  
  23  2:13  Zergling x2  
  27  2:19  Zergling x2  
  28  2:24  Drone  
  29  2:30  Drone  
  29  2:36  Drone  
  31  2:41  Drone  
  31  2:46  Hatchery  
  31  2:49  Drone  
  31  2:57  Queen  
  33  3:00  Overlord  
  33  3:05  Drone  
  34  3:06  Drone  
  35  3:22  Drone x2  
  35  3:24  Drone, Spore Crawler  
  36  3:27  Drone  
  36  3:28  Drone x2  
  36  3:29  Drone  
  36  3:31  Pneumatized Carapace  
  36  3:33  Drone  
  42  3:35  Drone  
  43  3:44  Overlord  
  43  3:47  Extractor  
  42  3:48  Extractor  
  42  3:50  Drone x2  
  43  3:57  Queen  
  43  4:01  Queen  
  43  4:02  Drone x2  
  49  4:05  Drone x2  
  49  4:08  Drone  
  49  4:09  Drone  
  53  4:10  Zergling x2  
  53  4:11  Zergling x2  
  53  4:14  Overlord  
  53  4:16  Zergling x2  
  56  4:25  Overlord  
  56  4:26  Zergling x2  
  56  4:29  Lair  
  57  4:33  Zergling x2  
  57  4:34  Zergling x4  
  57  4:35  Baneling Nest  
  59  4:41  Zergling x2  
  59  4:42  Zergling x6  
  54  5:00  Zergling x14  
  60  5:09  Zergling x4  
Show
View Real Time Build Order
Export as new Build Order

Raze Terran - Winner!

Build Orders: Hellion Banshee 

Get SALT Encoding   

  12  0:00  SCV  
  13  0:12  SCV  
  14  0:17  Supply Depot  
  14  0:24  SCV  
  15  0:29  Refinery  
  15  0:39  SCV  
  16  0:45  Barracks  
  16  0:51  SCV  
  17  1:03  SCV  
  18  1:15  SCV  
  19  1:32  Reaper, Orbital Command  
  20  1:43  Command Center  
  20  1:54  Factory  
  20  1:57  SCV  
  21  2:06  Barracks Reactor  
  21  2:07  Supply Depot  
  21  2:11  SCV  
  22  2:15  Refinery  
  22  2:23  SCV  
  23  2:35  SCV  
  24  2:46  Starport  
  24  2:47  SCV  
  24  2:49  Hellion x2, Marine  
  30  2:55  SCV  
  31  3:01  SCV  
  32  3:09  Marine  
  32  3:10  Hellion x2  
  37  3:16  Orbital Command  
  37  3:19  SCV  
  38  3:32  Hellion x2, Medivac  
  44  3:39  Armory  
  43  3:44  Marine  
  45  3:51  Supply Depot  
  45  3:54  Supply Depot, Hellion  
  46  4:02  Barracks Reactor, Starport Tech Lab  
  46  4:13  SCV x2  
  46  4:15  Supply Depot  
  46  4:16  Hellion  
  50  4:18  Hellion  
  52  4:25  SCV  
  53  4:31  Banshee  
  53  4:32  SCV  
  53  4:37  SCV  
  53  4:38  Marine  
  58  4:39  Supply Depot  
  58  4:40  Marine  
  58  4:44  SCV  
  61  4:54  Cyclone x2  
  61  4:56  Marine  
  61  4:58  Marine  
  65  5:03  SCV x2  
  65  5:06  Supply Depot  
  67  5:15  SCV x2  
Tags
 
Add a new tag
Caveats
  • Supply blocks, unpowered buildings, or Contaminate may cause inaccurate times.
  • Supply counts are checked every 10 seconds.